 Dungeon Crawl Stone Soup version 0.31-a0-217-g58bb5d79cf (webtiles) character file.

Game seed: 12987401876835550341

324 qw the Shooter (level 6, -2/52 HPs)
             Began as a Minotaur Hexslinger on July 2, 2023.
             Succumbed to a scorpion's poison
             ... on level 4 of the Dungeon.
             The game lasted 00:01:11 (3092 turns).

qw the Shooter (Minotaur Hexslinger)                Turns: 3092, Time: 00:01:12

Health: -2/52      AC:  5    Str: 12    XL:     6   Next: 23%
Magic:  6/6        EV: 11    Int: 10    God:
Gold:   206        SH:  0    Dex: 15    Spells: 6/7 levels left

rFire   . . .        Y - +1 sling
rCold   . . .        (no shield)
rNeg    . . .        i - +0 ring mail
rPois   .            (helmet restricted)
rElec   .            (no cloak)
rCorr   .            (no gloves)
SInv    .            (no boots)
Will    .....        (no amulet)
Stlth   +            (no ring)
HPRegen 0.28/turn    (no ring)
MPRegen 0.10/turn

%: no passive effects
@: lethally poisoned (-2 -> -23)
A: horns 2, retaliatory headbutt, hooves 1
a: no special abilities


You were on level 4 of the Dungeon.
You visited 1 branch of the dungeon, and saw 4 of its levels.

You collected 206 gold pieces.


Innate Abilities, Weirdness & Mutations

You have a pair of horns on your head.
You reflexively headbutt those who attack you in melee.
You have large cloven feet.


   Skills:
 + Level 3.9 Fighting
 - Level 6.2 Ranged Weapons
 - Level 1.3 Armour
 - Level 2.1 Dodging
 - Level 1.0 Spellcasting
 - Level 2.0 Hexes


You had 6 spell levels left.
You knew the following spells:

 Your Spells              Type           Power      Damage    Failure   Level
a - Slow                  Hex            16%        N/A       32%         1

Your spell library contained the following spells:

 Spells                   Type           Power      Damage    Failure   Level
 Inner Flame              Hex/Fire       2%         N/A       83%         3
 Portal Projectile        Hex/Tloc       4%         N/A       83%         3
 Cause Fear               Hex            2%         N/A       97%         4

Inventory:

Hand Weapons
 Y - a +1 sling (weapon)
Armour
 i - a +0 ring mail (worn)
Scrolls
 m - a scroll of identify
Potions
 a - 2 potions of curing
 c - 2 potions of attraction {unknown}
 d - 2 potions of might
 e - 2 potions of mutation
 g - a potion of lignification {unknown}
 h - a potion of ambrosia {unknown}
 j - a potion of haste
 k - a potion of cancellation {unknown}
 l - a potion of resistance {unknown}
 o - a potion of invisibility {unknown}

Dungeon Overview and Level Annotations

Branches:
Dungeon (4/15)
 Temple: D:4-7

Altars:
Elyvilon
Hepliaklqana
Wu Jian


Message History

You hear a distant scream of rage.
Your Ranged Weapons skill increases to level 6!
3085 ||| DRINKING 2 potions of heal wounds.
You feel much better.
You feel sick. The scorpion misses you. The scorpion stings you.
You shoot a sling bullet. The sling bullet hits the scorpion.
The scorpion is moderately wounded.
You feel sick. The scorpion stings you.
You shoot a sling bullet. The sling bullet hits the scorpion.
The scorpion is moderately wounded.
You feel sick. The scorpion stings you.
You are more poisoned.
The scorpion poisons you!
You shoot a sling bullet. The sling bullet hits the scorpion.
The scorpion is heavily wounded.
You feel very sick. The scorpion stings you.
You are lethally poisoned!
The scorpion poisons you! The scorpion stings you.
You are more poisoned.
The scorpion poisons you!
You shoot a sling bullet. The sling bullet hits the scorpion.
The scorpion is almost dead.
You feel extremely sick. The scorpion misses you.
3090 ||| DRINKING potion of heal wounds.
You feel much better.
You are no longer glowing.
You feel very sick. The scorpion stings you.
You are more poisoned.
The scorpion poisons you!
The scorpion stings you but does no damage.
You shoot a sling bullet. The sling bullet hits the scorpion.
The scorpion is almost dead.
You feel extremely sick. The scorpion stings you.
You shoot a sling bullet.
The sling bullet barely misses the scorpion.
You die...

#.......#..##......
##...).....# .##e..
#......##### # ..
#####..##..## .
####.....###...##
##.....#...#.....#
#..#.............#
###.......<..###....
#....#..@)..# .....
#....####s...#..[..
##...###...........
#...#.##..........
###...............
##.#...............
#................$
##..........?.....
##......... .) .


You could see a scorpion.

Vanquished Creatures
  A black bear (D:4)
  A scorpion (D:3)
  Dowan (D:4)
  An iguana (D:4)
  2 adders
  A shadow imp (D:4)
  A worm (D:2)
  4 orcs (D:3)
  7 endoplasms
  5 giant cockroaches
  4 goblins
  6 hobgoblins
  3 jackals (D:1)
  5 quokkas
  11 ball pythons
  7 bats
  4 frilled lizards
  8 kobolds
  3 rats
75 creatures vanquished.

Notes
Turn   | Place    | Note
-------+----------+-------------------------------------------
     0 | D:1      | qw the Minotaur Hexslinger began the quest for the Orb.
     0 | D:1      | Reached XP level 1. HP: 16/16 MP: 1/1
     0 | D:1      | 0 ||| qw: Version: 0.3-a-40-ge99b1a8
     0 | D:1      | 0 ||| qw: Game counter: 125
     0 | D:1      | 0 ||| qw: Melee chars always use a shield: true
     0 | D:1      | 0 ||| qw: God list: Okawaru
     0 | D:1      | 0 ||| qw: Allow faded altars: false
     0 | D:1      | 0 ||| qw: Do Orc after clearing Dungeon:15 true
     0 | D:1      | 0 ||| qw: Do second Lair branch before Depths: true
     0 | D:1      | 0 ||| qw: Lair rune preference: random
     0 | D:1      | 0 ||| qw: Goals: Normal
     0 | D:1      | 0 ||| PLANNING D:1-11
   154 | D:1      | Reached skill level 3 in Ranged Weapons
   178 | D:1      | Reached XP level 2. HP: 23/23 MP: 2/2
   772 | D:1      | Reached XP level 3. HP: 28/29 MP: 3/3
   791 | D:1      | 791 ||| UPGRADING to +0 ring mail.
   801 | D:1      | 801 ||| DROPPING +0 robe.
   802 | D:1      | 802 ||| READING scroll labelled VEOQ VIUCOLAXE.
   803 | D:1      | 803 ||| READING scroll labelled MUNACK SUIG.
   804 | D:1      | 804 ||| DRINKING 2 sedimented ruby potions.
   804 | D:1      | Gained mutation: You have large cloven feet. [potion of
                  | mutation]
   805 | D:1      | 805 ||| DROPPING scroll of poison.
  1028 | D:2      | Reached skill level 4 in Ranged Weapons
  1030 | D:2      | Found an ornate altar of the Wu Jian Council.
  1212 | D:2      | You fall into a shaft and drop 2 floors!
  1232 | D:4      | Reached skill level 1 in Armour
  1320 | D:4      | Reached XP level 4. HP: 36/36 MP: 4/4
  1338 | D:4      | 1338 ||| DRINKING 2 fizzy clear potions.
  1339 | D:4      | 1339 ||| DRINKING 2 dark potions.
  1970 | D:2      | 1970 ||| READING scroll labelled VOAJAH LEWKERCH.
  2018 | D:3      | 2018 ||| STAIRDANCE
  2021 | D:2      | Reached skill level 5 in Ranged Weapons
  2048 | D:3      | 2048 ||| STAIRDANCE
  2102 | D:3      | 2102 ||| STAIRDANCE
  2292 | D:3      | Found a hazy altar of Hepliaklqana.
  2432 | D:3      | Found a white marble altar of Elyvilon.
  2704 | D:3      | 2704 ||| READING scroll labelled USOIWOK ZAJUFO.
  2705 | D:3      | 2705 ||| READING scroll labelled HOUG ZIONWAORGH.
  2708 | D:3      | 2708 ||| READING scroll labelled KONKIA ISAZA.
  2709 | D:3      | 2709 ||| DRINKING 3 coppery potions.
  2710 | D:3      | 2710 ||| DRINKING 2 blue potions.
  2719 | D:4      | Noticed a scorpion
  2722 | D:4      | 2722 ||| STAIRDANCE
  2734 | D:3      | Killed a scorpion
  2735 | D:3      | Reached skill level 3 in Fighting
  2735 | D:3      | Reached XP level 5. HP: 14/46 MP: 5/5
  2738 | D:3      | HP: 11/46 [poisoned by a scorpion]
  2743 | D:3      | HP: 9/46 [poisoned by a scorpion]
  2902 | D:4      | Noticed a black bear
  2915 | D:4      | Killed a black bear
  2916 | D:4      | Reached XP level 6. HP: 29/52 MP: 6/6
  3049 | D:4      | Noticed Dowan
  3058 | D:4      | 3058 ||| FLEEEEING.
  3059 | D:4      | 3059 ||| FLEEEEING.
  3063 | D:4      | 3063 ||| FLEEEEING.
  3068 | D:4      | 3068 ||| FLEEEEING.
  3084 | D:4      | HP: 12/52 [scorpion (4)]
  3084 | D:4      | Killed Dowan
  3085 | D:4      | Reached skill level 6 in Ranged Weapons
  3085 | D:4      | 3085 ||| DRINKING 2 potions of heal wounds.
  3089 | D:4      | HP: 6/52 [poisoned by a scorpion]
  3090 | D:4      | 3090 ||| DRINKING potion of heal wounds.
  3092 | D:4      | Succumbed to a scorpion's poison

Levels and vault maps discovered:
D:1:      minmay_arrival_cross, layout_basic, serial_corexii_hall,
          chequers_hall_statues_wall_a, chequers_hall_statues_y
D:2:      layout_loops_corners, basic_altar, chequers_decorated_corner
D:3:      layout_rooms, elyvilon_altar_4, mainiacjoe_overflow_alcove_1,
          wander_ebering_terrifying_dragon_lair
D:4:      layout_cave_pools, gammafunk_temple_overflow_pools, uniq_duvessa

Skill      XL: |  1  2  3  4  5  6 |
---------------+-------------------+-----
Ranged Weapons | 3 4 5 6 |  6.2
Fighting       | 2 3 |  3.9
Armour         | 1 |  1.3
Dodging        | |  2.1
Spellcasting   | |  1.0
Hexes          | |  2.0

Action                     |  1- 3 |  4- 6 || total
---------------------------+-------+-------++-------
   Fire: Sling             |   111 |   154 ||   265
    Use: Scroll            |     2 |     4 ||     6
         Potion            |     1 |     6 ||     7
 Armour: Robe              |    11 |       ||    11
         Ring mail         |     5 |    40 ||    45
  Dodge: Dodged            |    35 |    64 ||    99

Table legend:
 A = Non-vault XP
 B = Vault XP
 C = Vault XP percentage of total XP
 D = Non-vault monster count
 E = Vault monster count
 F = Vault count percentage of total count
                 A         B        C        D         E       F
            +---------+---------+-------+---------+---------+-------
      Total |     396 |      68 |  14.7 |      73 |       2 |   2.7
            +---------+---------+-------+---------+---------+-------
        D:1 |      41 |       0 |   0.0 |      26 |       0 |   0.0
        D:2 |      45 |       0 |   0.0 |      18 |       0 |   0.0
        D:3 |     119 |       1 |   0.8 |      19 |       1 |   5.0
        D:4 |     191 |      67 |  26.0 |      10 |       1 |   9.1
            +---------+---------+-------+---------+---------+-------
